 Dungeon Crawl Stone Soup version 0.27-a0-416-gca2cecf3c0 (webtiles) character file.

Game seed: 15820513749914160605

42 dickylongcocking the Firebug (level 3, -1/24 HPs)
             Began as a Demonspawn Fire Elementalist on Feb 24, 2021.
             Slain by a hobgoblin
             ... wielding a +0 club
              (5 damage)
             ... on level 2 of the Dungeon.
             The game lasted 00:01:35 (2513 turns).

dickylongcocking the Firebug (DsFE)                 Turns: 2513, Time: 00:01:35

Health: -1/24      AC:  2    Str:  8    XL:     3   Next: 33%
Magic:  1/6        EV: 12    Int: 17    God:
Gold:   99         SH:  0    Dex: 13    Spells: 5/6 levels left

rFire    . . .     SeeInvis .   h - +0 dagger (flame)
rCold    . . .     Faith    .   (no shield)
rNeg     . . .     Spirit   .   a - +0 robe
rPois    .         Reflect  .   (helmet restricted)
rElec    .         Harm     .   (no cloak)
rCorr    .         Rampage  .   (no gloves)
Will     .....                  (no boots)
Stlth    ++........             (no amulet)
HPRegen  0.08/turn              (no ring)
MPRegen  0.10/turn              (no ring)

@: no status effects
A: antennae 1, demonic guardian 1
a: no special abilities


You were on level 2 of the Dungeon.
You visited 1 branch of the dungeon, and saw 2 of its levels.

You collected 99 gold pieces.

Inventory:

Hand Weapons
 h - a +0 dagger of flaming (weapon)
Armour
 a - a +0 robe (worn)
Jewellery
 j - a ring of protection from fire
 m - a ring of magical power
Scrolls
 b - a scroll of magic mapping {unknown}
 d - 2 scrolls of identify {unknown}
 e - 3 scrolls of teleportation {unknown}
 g - a scroll of blinking {unknown}
 k - a scroll of amnesia {unknown}
 n - a scroll of fear {unknown}
Potions
 c - a potion of heal wounds {unknown}
 f - 3 potions of degeneration {unknown}
 i - 2 potions of curing {unknown}
 l - a potion of might {unknown}


   Skills:
 + Level 0.1 Short Blades
 + Level 1.7 Dodging
 + Level 2.4 Stealth
 + Level 2.2 Spellcasting
 + Level 1.6 Conjurations
 + Level 3.1 Fire Magic


You had 5 spell levels left.
You knew the following spells:

 Your Spells              Type           Power        Failure   Level
a - Foxfire               Conj/Fire      40%          7%          1

Your spell library contained the following spells:

 Spells                   Type           Power        Failure   Level
 Conjure Flame            Conj/Fire      10%          21%         3
 Inner Flame              Hex/Fire       7%           30%         3
 Sticky Flame             Conj/Fire      10%          56%         4
 Fireball                 Conj/Fire      5%           88%         5


Dungeon Overview and Level Annotations

Branches:
Dungeon (2/15)

Altars:
Xom


Innate Abilities, Weirdness & Mutations

You have a pair of small antennae on your head.
A weak demonic guardian rushes to your aid.


Message History

Casting: Foxfire (safe; 7% risk of failure)
Confirm with . or Enter, or press ? or * to list all spells.
You conjure some foxfire!
The hobgoblin hits you with a +0 club. The worm bites you.
Unknown command.
Casting: Foxfire (safe; 7% risk of failure)
Confirm with . or Enter, or press ? or * to list all spells.
You miscast Foxfire.
You are very lightly contaminated with residual magic.
Nothing appears to happen.
The foxfire hits the hobgoblin.
The hobgoblin is heavily wounded.
The foxfire hits the worm.
The worm is severely wounded.
The hobgoblin hits you with a +0 club.
Unknown command.
Casting: Foxfire (safe; 7% risk of failure)
Confirm with . or Enter, or press ? or * to list all spells.
You miscast Foxfire.
Nothing appears to happen.
The hobgoblin hits you with a +0 club.
A demonic guardian appears!
Unknown command.
You hit the hobgoblin but do no damage.
The hobgoblin is moderately wounded.
The worm barely misses you. The hobgoblin hits you with a +0 club!
* * * LOW HITPOINT WARNING * * *
Unknown command.
You swap places.
The hobgoblin closely misses your white imp.
The worm bites your white imp!
Your white imp dies!
Casting: Foxfire (safe; 7% risk of failure)
Confirm with . or Enter, or press ? or * to list all spells.
You conjure some foxfire!
The foxfire hits the hobgoblin.
The hobgoblin is heavily wounded.
Unknown command.
Your foxfire dissipates!
Your magical contamination has completely faded away.
Casting: Foxfire (safe; 7% risk of failure)
Confirm with . or Enter, or press ? or * to list all spells.
You conjure some foxfire!
The hobgoblin hits you with a +0 club.
You die...

######### ##### #v.......
### #...######@# ### ..#
#.#.#....gv# #.# ..#
#.#.#.#########.# # ..#
#.#.#...........####.# ..#
#.#.#####.w..........# ..#
#.#.# #.........#########
..# #.#.#
#.........#.......# ###
#.#.# #########'#...#####.#
#######.#.###...#####.#....#
#.#


You could see a hobgoblin (ally target).

Vanquished Creatures
  An adder (D:2)
  A worm (D:2)
  A dart slug (D:1)
  2 bats
  A giant cockroach (D:2)
  4 goblins
  6 hobgoblins
  A frilled lizard (D:1)
  4 kobolds
  5 rats
26 creatures vanquished.

Vanquished Creatures (others)
  95 foxfires
  2 plants (D:2)
97 creatures vanquished.

Grand Total: 123 creatures vanquished

Notes
Turn   | Place    | Note
-------+----------+-------------------------------------------
     0 | D:1      | dickylongcocking the Demonspawn Fire Elementalist began the
                  | quest for the Orb.
     0 | D:1      | Reached XP level 1. HP: 13/13 MP: 3/3
   471 | D:1      | Gained mutation: A weak demonic guardian rushes to your
                  | aid. [demonic ancestry]
   471 | D:1      | Reached XP level 2. HP: 19/19 MP: 0/5
   689 | D:1      | Reached skill level 3 in Fire Magic
  1114 | D:1      | Found a shimmering altar of Xom.
  1358 | D:2      | Gained mutation: You have a pair of small antennae on your
                  | head. [demonic ancestry]
  1358 | D:2      | Reached XP level 3. HP: 18/24 MP: 0/6
  1916 | D:2      | Found a faded altar of an unknown god.
  2513 | D:2      | Slain by a hobgoblin

Illustrated notes

Levels and vault maps discovered:
D:1:      co_arrival_random_square_maze, layout_basic, xom_teletrap_fun
D:2:      layout_basic, chequers_ecumenical_altar_lobes

Skill      XL: |  1  2 |
---------------+-------+-----
Stealth        | 2 |  2.4
Fire Magic     | 3 |  3.1
Short Blades   | |  0.1
Dodging        | |  1.7
Spellcasting   | |  2.2
Conjurations   | |  1.6

Action                   || total
-------------------------++-------
Melee: Unarmed           ||    13
       Dagger            ||    20
 Cast: Foxfire           ||    59
 Stab: Sleeping          ||     3
Armor: Robe              ||     3
Dodge: Dodged            ||    28

Table legend: (Time is in decaauts)
 A = Elapsed time spent in this place.
 B = Non-inter-level travel time spent in this place.
 C = Inter-level travel time spent in this place.
 D = Time resting spent in this place.
 E = Time spent auto-exploring this place.
 F = Levels seen in this place.
 G = Mean time per level.
                   A        B        C        D        E       F      G
               +--------+--------+--------+--------+--------+-----+--------+
         Total |   2512 |   2493 |     19 |    162 |   2072 |   2 | 1256.0 |
       Dungeon |   2512 |   2493 |     19 |    162 |   2072 |   2 | 1256.0 |
               +--------+--------+--------+--------+--------+-----+--------+

Top non-repeatable levels by time:
     D:1: 1310 daAuts
     D:2: 1201 daAuts
